 Dungeon Crawl Stone Soup version 0.29-a0-101-g0f647bec9a (webtiles) character file.

Game seed: 13130543560197356610

2884 EiAlmux the Geomancer (level 9, -28/51 HPs)
             Began as a Gargoyle Earth Elementalist on Feb 15, 2022.
             Was a Follower of Vehumet.
             Annihilated by a two-headed ogre (35 damage)
             ... on level 9 of the Dungeon.
             The game lasted 00:22:12 (11296 turns).

EiAlmux the Geomancer (GrEE)                       Turns: 11296, Time: 00:22:12

Health: -28/51     AC: 10    Str: 12    XL:     9   Next: 76%
Magic:  18/27      EV: 11    Int: 20    God:    Vehumet [*.....]
Gold:   446        SH:  5    Dex: 10    Spells: 13/20 levels left

rFire   . . .      SeeInvis .   t - +2 rapier (venom)
rCold   . . .      Faith    .   y - orb {mayhem}
rNeg    + + .      Spirit   .   E - +1 robe {rN+}
rPois   ∞          Reflect  +   o - +0 helmet
rElec   +          Harm     .   (no cloak)
rCorr   .          Rampage  .   (no gloves)
Will    .....                   (no boots)
Stlth   +++.......              v - amulet of reflection
HPRegen 0.17/turn               k - ring of magical power
MPRegen 0.20/turn               (no ring)

@: no status effects
A: sickness immunity, AC +6, negative energy resistance 1, electricity
resistance, torment resistance 1, petrification resistance
a: Renounce Religion


You were on level 9 of the Dungeon.
You worshipped Vehumet.
Vehumet was aware of your devotion.
You visited 2 branches of the dungeon, and saw 10 of its levels.

You collected 446 gold pieces.

Inventory:

Hand Weapons
 t - a +2 rapier of venom (weapon)
Missiles
 i - 136 stones
Armour
 o - a +0 helmet (worn)
 r - a +0 buckler
 s - +0 acid dragon scales
 y - an orb of mayhem (worn)
 E - a +1 robe of positive energy (worn)
Magical Staves
 e - a staff of death
Jewellery
 f - an amulet of guardian spirit
 k - a ring of magical power (left hand)
 v - an amulet of reflection (around neck)
Wands
 z - a wand of acid (11)
 B - a wand of digging (6)
 D - a wand of iceblast (9)
Scrolls
 a - a scroll of teleportation
 d - 4 scrolls of fear {unknown}
 j - 2 scrolls of amnesia
 n - 3 scrolls of immolation {unknown}
 q - 4 scrolls of enchant weapon {unknown}
 u - 2 scrolls of torment {unknown}
 x - a scroll of fog {unknown}
 A - a scroll of brand weapon {unknown}
Potions
 c - 2 potions of degeneration {unknown}
 g - 2 potions of berserk rage
 h - a potion of invisibility
 l - a potion of haste
 m - a potion of heal wounds {unknown}
 p - 5 potions of curing
 w - a potion of mutation {unknown}
 C - a potion of flight {unknown}


   Skills:
 + Level 3.3 Fighting
 + Level 2.4 Armour
 - Level 1.5 Dodging
 + Level 5.0 Stealth
 - Level 4.0 Shields
 + Level 6.4 Spellcasting
 - Level 5.0 Conjurations
 - Level 2.0 Transmutations
 + Level 9.5 Earth Magic


You had 13 spell levels left.
You knew the following spells:

 Your Spells              Type           Power      Damage    Failure   Level
a - Sandblast             Erth           88%        2d18      1%          1
b - Passwall              Tmut/Erth      24%        N/A       1%          2
c - Magic Dart            Conj           100%       1d8       1%          1
d - Stone Arrow           Conj/Erth      70%        3d11      1%          3

Your spell library contained the following spells:

 Spells                   Type           Power      Damage    Failure   Level
 Shock                    Conj/Air       64%        1d7       3%          1
 Petrify                  Tmut/Erth      29%        N/A       10%         4
 Blink                    Tloc           12%        N/A       16%         2
 Call Imp                 Summ           6%         N/A       16%         2
 Mephitic Cloud           Conj/Pois/Air  13%        N/A       16%         3
 Lesser Beckoning         Tloc           6%         N/A       30%         3
 Manifold Assault         Tloc           6%         N/A       95%         5


Dungeon Overview and Level Annotations

Branches:
Dungeon (9/15)             Temple (1/1) D:7            Lair (0/6) D:8
    Orc: D:9-12

Altars:
Ashenzari
Cheibriados
Dithmenos
Elyvilon
Fedhas
Gozag
Hepliaklqana
Kikubaaqudgha
Makhleb
Nemelex Xobeh
Okawaru
Qazlal
Ru
Sif Muna
Trog
Uskayaw
Vehumet
Wu Jian
Xom
Yredelemnul
Zin
The Shining One

Shops:
D:8 [

Annotations:
D:4 Eustachio
D:8 Maurice


Innate Abilities, Weirdness & Mutations

You are immune to sickness and miasma.
Your stone body is resilient. (AC +6)
You are immune to poison.
You resist negative energy. (rN+)
You are resistant to electric shocks. (rElec)
You are resistant to unholy torment.
You are immune to petrification.


Message History

The killer bee stings the two-headed ogre!
The killer bee stings the two-headed ogre.
The two-headed ogre is poisoned.
The killer bee poisons the two-headed ogre!
The two-headed ogre hits the killer bee with a +0 dire flail!!!
The killer bee dies!
Vehumet accepts your kill. You block the killer bee's attack.
The killer bee stings you but does no damage.
You block the killer bee's attack. The killer bee closely misses you.
The killer bee stings you. You block the killer bee's attack.
The two-headed ogre hits the killer bee with a +0 dire flail!
The killer bee dies!
Vehumet accepts your kill.
Your Stealth skill increases to level 5!
The two-headed ogre shouts in stereo!
Press: ? - help, v - describe, . - travel
Here: a two-headed ogre, wielding a +0 dire flail and a +0 giant club (lightly wounded, fast, strong, frenzied and insane, very poisoned)
The floor.
The two-headed ogre shouts in stereo!
The two-headed ogre hits you with a +0 dire flail!
The two-headed ogre closely misses you.
You block the two-headed ogre's attack. x2
The two-headed ogre hits you with a +0 dire flail.
The two-headed ogre closely misses you.
Casting: Stone Arrow (safe; 1% risk of failure)
Confirm with . or Enter, or press ? or * to list all spells.
Aiming: Passwall (safe; 1% risk of failure)
Press: ? - help, Dir - move target A rock wall.
The two-headed ogre hits you but does no damage.
The two-headed ogre hits you with a +0 giant club!!
Ouch! That really hurt!
* * * LOW HITPOINT WARNING * * *
You begin to meditate on the wall.
You continue meditating on the rock.
The two-headed ogre hits you with a +0 dire flail!!
Ouch! That really hurt!
You die...

#...# ## #...##.#
######...#.# #.........#
.........## #.........#
######...#.# #...##.#
#.O@# ## #...# #...#
##)## ########.#####
#........#...#≈≈
#.######...#..≈≈
###.#####........≈
##............####≈≈≈..#
.


You could see a neutral two-headed ogre (fast, strong, insane, poisoned).

Vanquished Creatures
  3 water moccasins
  An acid dragon (D:6)
  2 orc warriors
  A black bear (D:6)
  An ice beast (D:6)
  An ogre (D:6)
  A centaur (D:7)
  2 bullfrogs (D:7)
  3 scorpions (D:6)
  A wyvern skeleton (D:7)
  A water moccasin skeleton (D:6)
  10 killer bees
  3 howler monkeys (D:7)
  2 centaur zombies
  3 jellies
  2 orc priests (D:7)
  2 bullfrog skeletons
  A gnoll shaman (D:4)
  3 hounds
  A centaur skeleton (D:7)
  3 iguanas
  An orc wizard (D:8)
  2 hound skeletons (D:4)
  Robin (D:2)
  8 gnolls
  10 adders
  An adder skeleton (D:5)
  2 dart slugs
  9 orcs
  7 bats
  8 endoplasms
  5 giant cockroaches
  16 goblins
  7 hobgoblins
  5 jackals
  7 kobolds
  A quokka (D:1)
  7 ball pythons
  6 frilled lizards
  6 rats
156 creatures vanquished.

Vanquished Creatures (collateral kills)
  3 killer bees
  An orc wizard (D:7)
  An orc (D:8)
5 creatures vanquished.

Vanquished Creatures (others)
  An orc priest (D:9)
1 creature vanquished.

Grand Total: 162 creatures vanquished

Notes
Turn   | Place    | Note
-------+----------+-------------------------------------------
     0 | D:1      | EiAlmux the Gargoyle Earth Elementalist began the quest for
                  | the Orb.
     0 | D:1      | Reached XP level 1. HP: 10/10 MP: 3/3
   218 | D:1      | Found a faded altar of an unknown god.
   269 | D:1      | Reached skill level 1 in Transmutations
   269 | D:1      | Reached XP level 2. HP: 16/16 MP: 5/5
   285 | D:1      | Reached skill level 1 in Fighting
   940 | D:1      | Reached XP level 3. HP: 13/20 MP: 0/6
  1648 | D:2      | Reached skill level 4 in Earth Magic
  2283 | D:2      | You fall into a shaft and drop 1 floor!
  2289 | D:3      | Learned a level 2 spell: Passwall
  2345 | D:2      | Reached skill level 1 in Conjurations
  2345 | D:2      | Reached XP level 4. HP: 23/26 MP: 4/7
  2428 | D:2      | Noticed Robin
  3483 | D:2      | Killed Robin
  3811 | D:2      | Reached XP level 5. HP: 30/30 MP: 2/9
  4657 | D:4      | Learned a level 1 spell: Magic Dart
  4841 | D:4      | HP: 1/30 [iguana (11)]
  5140 | D:4      | Found a stormy altar of Qazlal.
  5202 | D:4      | Reached skill level 5 in Earth Magic
  5372 | D:4      | Reached XP level 6. HP: 12/35 MP: 8/10
  5600 | D:4      | Noticed Eustachio
  6464 | D:5      | Entered Level 5 of the Dungeon
  6718 | D:5      | Noticed a wraith
  6981 | D:5      | Reached XP level 7. HP: 39/40 MP: 12/12
  6985 | D:5      | Learned a level 3 spell: Stone Arrow
  7046 | D:5      | Reached skill level 6 in Earth Magic
  7400 | D:6      | Reached skill level 1 in Shields
  7565 | D:6      | Reached XP level 8. HP: 43/44 MP: 10/13
  7789 | D:6      | Reached skill level 5 in Conjurations
  7940 | D:6      | Reached skill level 7 in Earth Magic
  8880 | D:7      | Reached skill level 5 in Spellcasting
  8892 | D:7      | Reached skill level 8 in Earth Magic
  8981 | D:7      | Reached XP level 9. HP: 48/48 MP: 7/16
  9401 | D:7      | Found a staircase to the Ecumenical Temple.
  9408 | Temple   | Entered the Ecumenical Temple
  9535 | Temple   | Became a worshipper of Vehumet
  9832 | D:7      | Reached skill level 9 in Earth Magic
 10156 | D:8      | Found Hyelob's Antique Armour Shop.
 10193 | D:8      | Noticed Maurice
 10217 | D:8      | Reached skill level 1 in Armour
 10475 | D:8      | Found a staircase to the Lair.
 11162 | D:9      | Reached * piety under Vehumet
 11162 | D:9      | Offered knowledge of Shock by Vehumet.
 11272 | D:9      | Noticed a two-headed ogre
 11287 | D:9      | Reached skill level 5 in Stealth
 11296 | D:9      | Annihilated by a two-headed ogre

Illustrated notes

Levels and vault maps discovered:
D:1:      co_arrival_square_in_a_square_in_a_square, layout_basic,
          shapermc_ecumenical_altar_acropolis
D:2:      layout_loops_corners, grunt_ministairs_14, minmay_door_square,
          hangedman_decor_opposing, uniq_robin
D:3:      layout_basic, gup_sewer_entry_pipe
D:4:      layout_layer_cave, mainiacjoe_overflow_tiny_flanked,
          chequers_decorated_corner, uniq_eustachio
D:5:      kennysheep_big_flooded_room, layout_basic, kennysheep_generic_room_3,
          uniq_pikel
D:6:      layout_cave_pools
D:7:      layout_cave_pools, minmay_temple_entry_slanted
D:8:      layout_cave_pods, lair_entry_dummy, serial_shops,
          kennysheep_little_box, uniq_maurice
D:9:      layout_loops_cross, st_stairs_8, centaur_isle, uniq_grum
Temple:   mainiacjoe_temple_hex_bubbles

Skill      XL: |  1  2  3  4  5  6  7  8  9 |
---------------+----------------------------+-----
Transmutations | 1 2 |  2.0
Fighting       | 1 2 3 |  3.3
Earth Magic    | 4 5 6 8 9 |  9.5
Conjurations   | 1 2 3 4 5 |  5.0
Spellcasting   | 3 5 6 |  6.4
Shields        | 1 4 |  4.0
Stealth        | 3 4 5 |  5.0
Armour         | 2 |  2.4
Dodging        | |  1.5

Action                   |  1- 3 |  4- 6 |  7- 9 || total
-------------------------+-------+-------+-------++-------
Melee: Short sword       |    84 |    56 |       ||   140
       Unarmed           |     1 |       |       ||     1
       Punch             |     1 |       |       ||     1
       Rapier            |       |       |     6 ||     6
 Cast: Sandblast         |    26 |    73 |       ||    99
       Magic Dart        |       |   119 |   117 ||   236
       Passwall          |       |     2 |     1 ||     3
       Stone Arrow       |       |       |    87 ||    87
  Use: Scroll            |     1 |     3 |     2 ||     6
 Stab: Sleeping          |     2 |     2 |       ||     4
Armor: Robe              |    41 |    69 |    18 ||   128
Dodge: Dodged            |    62 |   117 |    33 ||   212
Block: Other             |       |       |     3 ||     3
       Reflection        |       |       |     1 ||     1
       Orb               |       |       |    16 ||    16

Table legend: (Time is in decaauts)
 A = Elapsed time spent in this place.
 B = Non-inter-level travel time spent in this place.
 C = Inter-level travel time spent in this place.
 D = Time resting spent in this place.
 E = Time spent auto-exploring this place.
 F = Levels seen in this place.
 G = Mean time per level.
                   A        B        C        D        E       F      G
               +--------+--------+--------+--------+--------+-----+--------+
         Total |  11317 |  11025 |    292 |   1156 |   8579 |  10 | 1131.7 |
       Dungeon |  11069 |  10788 |    281 |   1156 |   8347 |   9 | 1229.9 |
        Temple |    247 |    236 |     11 |      0 |    232 |   1 |  247.0 |
               +--------+--------+--------+--------+--------+-----+--------+

Top non-repeatable levels by time:
     D:4: 2286 daAuts
     D:2: 2028 daAuts
     D:1: 1876 daAuts
     D:6: 1337 daAuts
     D:7: 1158 daAuts
     D:8: 1065 daAuts
     D:3: 550 daAuts
     D:5: 495 daAuts
     D:9: 271 daAuts
  Temple: 247 daAuts
